 Dungeon Crawl Stone Soup version 0.30.0-29-ga12c61a403 (webtiles) character file.

Game seed: 5809706180302181664

41 Gabide the Conjurer (level 3, 0/20 HPs)
             Began as a Gargoyle Conjurer on June 3, 2023.
             Slain by a worm (7 damage)
             ... on level 2 of the Dungeon.
             The game lasted 00:02:54 (1878 turns).

Gabide the Conjurer (Gargoyle Conjurer)             Turns: 1878, Time: 00:02:55

Health: 0/20       AC:  5    Str: 10    XL:     3   Next: 52%
Magic:  2/6        EV: 11    Int: 20    God:
Gold:   82         SH:  2    Dex:  8    Spells: 3/6 levels left

rFire   + . .        a - +0 dagger
rCold   . . .        l - +0 buckler
rNeg    + . .        j - +0 robe
rPois   ∞            (no helmet)
rElec   +            (no cloak)
rCorr   .            (no gloves)
SInv    .            (no boots)
Will    .....        (no amulet)
Stlth   ++           k - ring of protection from fire
HPRegen 0.23/turn    (no ring)
MPRegen 0.10/turn

%: no passive effects
@: no status effects
A: sickness immunity, AC +3, negative energy resistance 1, electricity
resistance, torment resistance 1, petrification resistance
a: no special abilities


You were on level 2 of the Dungeon.
You visited 1 branch of the dungeon, and saw 2 of its levels.

You collected 82 gold pieces.

Inventory:

Hand Weapons
 a - a +0 dagger (weapon)
Armour
 j - a +0 robe (worn)
 l - a +0 buckler (worn)
Jewellery
 k - a ring of protection from fire (left hand)
Scrolls
 c - a scroll of identify {unknown}
 d - a scroll of brand weapon {unknown}
 e - a scroll of magic mapping {unknown}
 f - a scroll of blinking {unknown}
 g - a scroll of vulnerability {unknown}
 h - a scroll of enchant weapon {unknown}
 n - a scroll of enchant armour {unknown}
Potions
 b - a potion of magic
 i - a potion of flight {unknown}
 m - a potion of mutation {unknown}


   Skills:
 + Level 1.2 Fighting
 + Level 2.0 Dodging
 - Level 2.1 Stealth
 + Level 2.3 Spellcasting
 * Level 5.0 Conjurations


You had 3 spell levels left.
You knew the following spells:

 Your Spells              Type           Power      Damage    Failure   Level
a - Magic Dart            Conj           88%        1d7       3%          1
b - Searing Ray           Conj           44%        2d6       4%          2

Your spell library contained the following spells:

 Spells                   Type           Power      Damage    Failure   Level
 Dazzling Flash           Conj/Hex       24%        N/A       24%         3
 Stone Arrow              Conj/Erth      24%        3d8       24%         3
 Fulminant Prism          Conj/Hex       6%         3d7       63%         4
 Iskenderun's Mystic Bla  Conj/Tloc      12%        2d5       63%         4
 Iskenderun's Battlesphe  Conj           22%        2d8       63%         5
 Animate Armour           Summ/Erth      4%         N/A       93%         4
 Iron Shot                Conj/Erth      6%         9d2       100%        6
 Spellforged Servitor     Conj/Summ      6%         N/A       100%        7
 Lehudib's Crystal Spear  Conj/Erth      6%         10d3      100%        8


Dungeon Overview and Level Annotations

Branches:
Dungeon (2/15)

Altars:


Innate Abilities, Weirdness & Mutations

You are immune to sickness and miasma.
Your stone body is resilient. (AC +3)
You are immune to poison.
You resist negative energy. (rN+)
You are resistant to electric shocks. (rElec)
You are resistant to unholy torment.
You are immune to petrification.


Message History

The worm is lightly wounded.
The magic dart hits the worm.
The worm is moderately wounded.
The magic dart hits the worm.
The worm is heavily wounded.
The magic dart hits the worm.
The worm is heavily wounded.
You are out of magic!
You are out of magic!
You are out of magic!
There is a stone staircase leading up here.
You climb upwards.
There is a stone staircase leading down here.
Magic restored.
Done exploring.
You climb downwards.
The worm bites you!
There is a stone staircase leading up here.
Unknown command.
Unknown command.
The worm bites you!
* * * LOW HITPOINT WARNING * * *
You barely miss the worm.
You have nothing you can fire or use right now.
Okay, then.
Okay, then.
Casting: Magic Dart (safe; 3% risk of failure)
Confirm with . or Enter, or press ? or * to list all spells.
Aiming: Searing Ray (safe; 4% risk of failure)
Press: ? - help, Shift-Dir - straight line, f - worm
Aim: a worm (92% to hit)
The searing ray hits the worm.
The worm is moderately wounded. (Press . to maintain the ray.)
The worm bites you.
* * * LOW HITPOINT WARNING * * *
The searing ray misses the worm.
The searing ray hits the worm!
The worm is almost dead.
The worm bites you!
You die...

#.#### .##.# #.# .)..##
#.. #.# #.# #..#.## #.#
#.# #.# ..###.# #.# #.#
#.# #..#..# #.# #.###
#.# #...#.# #.# #...#
#.# #...#.# #.# ###.#
#.# ....#.# #.# #.# #.#
#.#.#.###.# #@# #.#
#.....<...# ##w## #.#
....>...#######...####.#
###.#.#<...w...........#
###.#.#########...######
......# ##.##
###.############.#
#..............#
################


You could see a worm.

Vanquished Creatures
  An adder (D:2)
  2 dart slugs (D:1)
  3 endoplasms (D:1)
  5 goblins
  2 hobgoblins
  2 quokkas
  5 ball pythons
  2 bats (D:1)
  2 frilled lizards (D:1)
  4 rats
28 creatures vanquished.

Notes
Turn   | Place    | Note
-------+----------+-------------------------------------------
     0 | D:1      | Gabide the Gargoyle Conjurer began the quest for the Orb.
     0 | D:1      | Reached XP level 1. HP: 10/10 MP: 3/3
   261 | D:1      | Reached XP level 2. HP: 16/16 MP: 3/5
   776 | D:1      | Reached skill level 1 in Fighting
   982 | D:1      | Reached XP level 3. HP: 20/20 MP: 4/6
  1117 | D:2      | Learned a level 2 spell: Searing Ray
  1409 | D:2      | Found a faded altar of an unknown god.
  1427 | D:2      | Reached skill level 5 in Conjurations
  1878 | D:2      | Slain by a worm

Illustrated notes

Levels and vault maps discovered:
D:1:      dpeg_arrival_arbitrary_b, layout_basic, serial_glass, glass_columns_a,
          glass_columns_c, feat_on_display
D:2:      layout_loops_ring, nicolae_ecumenical_snake_handling

Skill      XL: |  1  2  3 |
---------------+----------+-----
Fighting       | 1 |  1.2
Dodging        | 2 |  2.0
Conjurations   | 5 |  5.0
Stealth        | |  2.1
Spellcasting   | |  2.3

Action                     || total
---------------------------++-------
  Melee: Unarmed           ||    11
         Dagger            ||     1
   Cast: Magic Dart        ||    58
         Searing Ray       ||     1
 Armour: Robe              ||     1
  Dodge: Dodged            ||     4
